 Dungeon Crawl Stone Soup version 0.23.2-1-ga50397a6bc (webtiles) character file.

Game seed: 5378624637252389107

74 Kobolds4U the Cudgeler (level 4, 0/37 HPs)
             Began as a Minotaur Gladiator on Apr 27, 2019.
             Slain by a centaur (1 damage)
             ... on level 2 of the Dungeon.
             The game lasted 00:04:16 (1162 turns).

Kobolds4U the Cudgeler (Minotaur Gladiator)         Turns: 1162, Time: 00:04:17

Health: 0/37       AC:  3    Str: 18    XL:     4   Next: 10%
Magic:  3/3        EV: 13    Int:  5    God:
Gold:   35         SH:  0    Dex: 13    Spells: 3/3 levels left

rFire    . . .     SeeInvis .   a - +0 flail
rCold    . . .     Gourm    .   (no shield)
rNeg     . . .     Faith    .   b - +0 leather armour
rPois    .         Spirit   .   c - +0 hat
rElec    .         Reflect  .   (no cloak)
rCorr    .         Harm     .   (no gloves)
MR       .....                  (no boots)
Stlth    +.........             (no amulet)
HPRegen  0.12/turn              (no ring)
MPRegen  0.08/turn              (no ring)

@: no status effects
A: retaliatory headbutt, horns 2
a: no special abilities


You were on level 2 of the Dungeon.
You were not hungry.

You visited 1 branch of the dungeon, and saw 2 of its levels.

You collected 35 gold pieces.

Inventory:

Hand Weapons
 a - a +0 flail (weapon)
Missiles
 d - 3 throwing nets (quivered)
 i - 5 javelins
Armour
 b - a +0 leather armour (worn)
 c - a +0 hat (worn)
Scrolls
 j - a scroll of noise {unknown}
 k - a scroll of teleportation {unknown}
 l - a scroll of blinking {unknown}
Potions
 e - a potion of mutation {unknown}
 h - a potion of curing {unknown}
Comestibles
 f - 2 rations
 g - 2 chunks of flesh


   Skills:
 - Level 2.5 Fighting
 + Level 5.9 Maces & Flails
 - Level 2.0 Throwing
 - Level 3.3 Dodging


You had 3 spell levels left.
You didn't know any spells.
Your spell library was empty.

Dungeon Overview and Level Annotations

Branches:
Dungeon (2/15)

Altars:


Innate Abilities, Weirdness & Mutations

You reflexively headbutt those who attack you in melee.
You have a pair of horns on your head.


Message History

The centaur wields a +0 shortbow.
The centaur shoots an arrow.
The arrow hits you.
A hobgoblin comes into view. It is wielding a +0 club.
Found a spear.
You see here an arrow.
The centaur shoots an arrow.
The arrow hits you.
You see here an arrow.
The centaur shoots an arrow.
The arrow misses you.
The centaur shoots an arrow.
The arrow hits you!
You see here an arrow.
The ooze hits you. The ooze hits you.
* * * LOW HITPOINT WARNING * * *
Some of the chunks of flesh in your inventory have rotted away.
You sock the centaur!
The centaur is moderately wounded.
The centaur unwields a +0 shortbow.
The centaur hits you!
* * * LOW HITPOINT WARNING * * *
The ooze hits you but does no damage. The centaur hits you.
You die...

.#..##.# #...# #
รท#..##.# #...# ###.#
....##.#####...###.....
.#.###..............g..
...............(.......
.....................##
#.#.######.#..c#g#.....
.##.# #.#...#J# ##..
###.# #.#...#@# ) #.#
#.#..(#c# #.# #.......#
#.# ###.(.### ... ##.##
#^ .. ... ###.


You could see a centaur, an ooze and a hobgoblin.

Vanquished Creatures
  2 adders (D:2)
  A worm (D:2)
  A dart slug (D:2)
  4 leopard geckos
  3 bats
  3 giant cockroaches (D:1)
  6 goblins
  2 hobgoblins (D:1)
  7 jackals (D:1)
  A quokka (D:2)
  3 frilled lizards (D:1)
  4 kobolds
  9 rats
46 creatures vanquished.

Vanquished Creatures (others)
  4 toadstools (D:1)
4 creatures vanquished.

Grand Total: 50 creatures vanquished

Notes
Turn   | Place    | Note
-------+----------+-------------------------------------------
     0 | D:1      | Kobolds4U the Minotaur Gladiator began the quest for the
                  | Orb.
     0 | D:1      | Reached XP level 1. HP: 18/18 MP: 0/0
    79 | D:1      | Reached skill level 4 in Maces & Flails
    88 | D:1      | Reached XP level 2. HP: 23/25 MP: 1/1
   391 | D:1      | Reached XP level 3. HP: 28/30 MP: 2/2
   462 | D:1      | Reached skill level 5 in Maces & Flails
  1119 | D:2      | Reached XP level 4. HP: 34/37 MP: 3/3
  1152 | D:2      | Noticed a centaur
  1162 | D:2      | HP: 1/37 [centaur (8)]
  1162 | D:2      | Slain by a centaur

Skill      XL: |  1  2  3 |
---------------+----------+-----
Maces & Flails | 4 5 |  5.9
Fighting       | |  2.5
Throwing       | |  2.0
Dodging        | |  3.3

Action                   |  1- 3 |  4- 6 || total
-------------------------+-------+-------++-------
Melee: Flail             |   104 |     6 ||   110
       Headbutt          |    10 |     1 ||    11
 Stab: Sleeping          |     1 |       ||     1
  Eat: Chunk             |     1 |       ||     1
Armor: Leather armour    |    29 |     1 ||    30
Dodge: Dodged            |    73 |     7 ||    80
